 Dungeon Crawl Stone Soup version 0.28-a0-2-g643f2454ad (webtiles) character file.

Game seed: 3972300954945180012

765 freelancePsychic the Digger (level 7, -7/53 HPs)
             Began as a Palentonga Earth Elementalist on July 22, 2021.
             Was an Initiate of Ashenzari.
             Mangled by a wyvern (14 damage)
             ... on level 4 of the Dungeon on July 23, 2021.
             The game lasted 00:11:30 (6483 turns).

freelancePsychic the Digger (PaEE)                  Turns: 6483, Time: 00:11:30

Health: -7/53      AC: 11    Str: 11    XL:     7   Next: 51%
Magic:  3/11       EV:  9    Int: 24    God:    Ashenzari [......]
Gold:   174        SH:  0    Dex: 10    Spells: 8/12 levels left

rFire   . . .      SeeInvis +   l - +0 quarterstaff
rCold   . . .      Faith    .   (shield currently unavailable)
rNeg    + . .      Spirit   .   b - +0 robe
rPois   .          Reflect  .   (no helmet)
rElec   .          Harm     .   (no cloak)
rCorr   .          Rampage  .   (no gloves)
Will    .....      Rnd*Tele +   (no barding)
Stlth   +.........              (no amulet)
HPRegen 0.17/turn               f - ring of positive energy
MPRegen 0.12/turn               h - ring "Nirhevaa" {Int+6 Dex+2}

@: about to teleport, curled up
A: large, rugged brown scales 3, see invisible, deformed body, roll 1, armoured
tail, reflexive curl, clumsy 1, robust 1, teleportitis 1
a: Rolling Charge, Renounce Religion


You were on level 4 of the Dungeon.
You worshipped Ashenzari.
Ashenzari was noncommittal.
You visited 2 branches of the dungeon, and saw 7 of its levels.

You collected 174 gold pieces.

Inventory:

Hand Weapons
 i - a +0 club
 l - a +0 quarterstaff (weapon)
Missiles
 n - 28 stones
Armour
 b - a +0 robe (worn)
Jewellery
 f - a ring of positive energy (left hand)
 h - the ring "Nirhevaa" (right hand) {Int+6 Dex+2}
   (You found it on level 5 of the Dungeon)

   [ring of intelligence]

   Int:       It affects your intelligence (+6).
   Dex:       It affects your dexterity (+2).
Wands
 c - a wand of polymorph (4)
Scrolls
 a - 3 scrolls of teleportation {@r4}
 d - a scroll of silence
 e - 2 scrolls of enchant weapon
 g - a scroll of noise
 k - a scroll of blinking
 m - a scroll of fear
 p - a scroll of brand weapon
Potions
 j - a potion of heal wounds {@q2}
 o - a potion of attraction


   Skills:
 - Level 1.5 Dodging
 - Level 1.2 Stealth
 - Level 3.0 Spellcasting
 + Level 5.1 Conjurations
 - Level 1.0 Transmutations
 + Level 5.7 Earth Magic


You had 8 spell levels left.
You knew the following spells:

 Your Spells              Type           Power      Damage    Failure   Level
a - Sandblast             Erth           62%        2d14      1%          1
b - Stone Arrow           Conj/Erth      58%        3d10      3%          3

Your spell library contained the following spells:

 Spells                   Type           Power      Damage    Failure   Level
 Passwall                 Tmut/Erth      15%        N/A       4%          2
 Petrify                  Tmut/Erth      19%        N/A       26%         4


Dungeon Overview and Level Annotations

Branches:
Dungeon (6/15)             Temple (1/1) D:4

Altars:
Ashenzari
Cheibriados
Fedhas
Hepliaklqana
Makhleb
Nemelex Xobeh
Okawaru
Ru
Sif Muna
Trog
Uskayaw
Xom
Yredelemnul

Annotations:
D:2 Sigmund
D:3 Grinder


Innate Abilities, Weirdness & Mutations

You are completely covered in rugged brown scales. (AC +3, +7% HP)
You have supernaturally acute eyesight. (SInv)
Armour fits poorly on your strangely shaped body.
You can roll at nearby foes to attack.
You have a long armoured tail.
You curl defensively after being hit.
You are clumsy. (Dex -2)
You are robust. (+10% HP)
You are occasionally teleported next to monsters.


Message History

There is a broken altar of Ashenzari here.
You kneel at the altar of Ashenzari.
Ashenzari welcomes you!
j - a potion of heal wounds;
o - a potion of attraction Ashenzari warns you of distant threats and treasures.
Ashenzari reveals the structure of the dungeon to you.
Ashenzari shows you where magical portals lie.
Ashenzari prevents you from stumbling into unseen traps.
Ashenzari identifies your possessions.
Okay, then.
Okay, then.
Okay, then.
(D) Dungeon (T) Temple
Where to? (Enter - Temple, ? - help)
There is a staircase back to the Dungeon here.
You climb upwards.
Welcome back to the Dungeon!
There is a staircase to the Ecumenical Temple here.
p - a scroll of brand weapon A wyvern is nearby!
You miscast Stone Arrow.
You are very lightly contaminated with residual magic.
Nothing appears to happen.
The wyvern hisses angrily.
The stone arrow hits the wyvern!
The wyvern is heavily wounded.
The stone arrow misses the wyvern.
The wyvern bites you! The wyvern bites you.
You don't have enough magic to cast this spell.
Okay, then.
You hit the wyvern.
The wyvern is heavily wounded.
The wyvern misses you. The wyvern bites you!
You closely miss the wyvern. You tail-slap the wyvern.
The wyvern is heavily wounded.
The wyvern bites you!
The wyvern hisses menacingly.
The wyvern bites you but does no damage.
The wyvern bites you.
Okay, then.
As you read the scroll of teleportation {@r4}, it crumbles to dust.
You feel strangely unstable. The wyvern bites you!
* * * LOW HITPOINT WARNING * * *
Your magical contamination has completely faded away.
The wyvern bites you!
You die...

##### ......######
#......#########
#......#.......#
##....l@#.#####.#
...............##.#
..##......#.##.##.#
..
........#.##.##.# #
###......#.......#
###########.####
#.# #.####
#....####


You could see a wyvern.

Vanquished Creatures
  2 centaurs (D:5)
  A necrophage (D:5)
  A bullfrog (D:4)
  A wyvern zombie (D:5)
  A scorpion (D:5)
  A water moccasin skeleton (D:5)
  A bullfrog zombie (D:6)
  A jelly (D:4)
  A hound (D:6)
  An orc wizard (D:4)
  3 gnolls (D:5)
  5 adders
  An ufetubus (D:5)
  An adder zombie (D:5)
  4 dart slugs
  5 orcs
  4 ball pythons
  7 endoplasms
  4 giant cockroaches
  5 goblins
  5 hobgoblins
  7 kobolds
  5 quokkas
  2 bats (D:1)
  2 frilled lizards
  5 rats
76 creatures vanquished.

Vanquished Creatures (others)
  An orc wizard (D:4)
1 creature vanquished.

Grand Total: 77 creatures vanquished

Notes
Turn   | Place    | Note
-------+----------+-------------------------------------------
     0 | D:1      | freelancePsychic the Palentonga Earth Elementalist began
                  | the quest for the Orb.
     0 | D:1      | Reached XP level 1. HP: 13/13 MP: 3/3
   344 | D:1      | Reached XP level 2. HP: 20/20 MP: 3/5
   497 | D:1      | Reached skill level 1 in Conjurations
   943 | D:1      | Found a faded altar of an unknown god.
  1304 | D:2      | Reached XP level 3. HP: 22/25 MP: 1/6
  1510 | D:2      | Noticed Sigmund
  1663 | D:3      | Learned a level 3 spell: Stone Arrow
  2085 | D:3      | Noticed Grinder
  2085 | D:3      | Paralysed by Grinder for 4 turns
  2096 | D:3      | Paralysed by Grinder for 7 turns
  2106 | D:3      | HP: 1/25 [giant cockroach (1)]
  2683 | D:2      | Reached XP level 4. HP: 16/32 MP: 2/8
  2924 | D:2      | Found a shimmering altar of Xom.
  3544 | D:4      | Noticed a bullfrog
  3548 | D:4      | Killed a bullfrog
  3549 | D:4      | Reached XP level 5. HP: 37/37 MP: 5/9
  3577 | D:4      | Noticed a wyvern
  3998 | D:5      | Entered Level 5 of the Dungeon
  4150 | D:5      | Reached XP level 6. HP: 9/43 MP: 0/10
  4479 | D:5      | Identified the ring "Nirhevaa" {Int+6 Dex+2}
  4796 | D:5      | Reached skill level 5 in Earth Magic
  5059 | D:5      | Gained mutation: You curl defensively after being hit.
                  | [Palentonga growth]
  5059 | D:5      | Reached XP level 7. HP: 30/49 MP: 4/11
  5297 | D:6      | Gained mutation: You are clumsy. (Dex -2) [potion of
                  | mutation]
  5297 | D:6      | Gained mutation: You are robust. (+10% HP) [potion of
                  | mutation]
  5297 | D:6      | Gained mutation: You are occasionally teleported next to
                  | monsters. [potion of mutation]
  5541 | D:5      | Reached skill level 5 in Conjurations
  6239 | D:4      | Found a staircase to the Ecumenical Temple.
  6245 | Temple   | Entered the Ecumenical Temple
  6413 | Temple   | Became a worshipper of Ashenzari the Shackled
  6483 | D:4      | Mangled by a wyvern

Illustrated notes

Levels and vault maps discovered:
D:1:      dpeg_arrival_circle_labyrinth_c, layout_basic,
          hellmonk_ecumenical_altar_arch_garden
D:2:      layout_basic, basic_altar, uniq_sigmund
D:3:      layout_basic, uniq_robin, uniq_grinder
D:4:      layout_loops_cross, temple_statues, serial_shops, shop
D:5:      layout_loops_cross, hangedman_decor_diamond_cutter
D:6:      layout_basic, serial_shops, shop, minmay_fire_ice_demons
Temple:   dpeg_chambers_temple

Skill      XL: |  1  2  3  4  5  6  7 |
---------------+----------------------+-----
Conjurations   | 1 2 3 4 5 |  5.1
Earth Magic    | 3 4 5 |  5.7
Spellcasting   | 3 |  3.0
Dodging        | |  1.5
Stealth        | |  1.2
Transmutations | |  1.0

Action                   |  1- 3 |  4- 6 |  7- 9 || total
-------------------------+-------+-------+-------++-------
Melee: Unarmed           |    28 |       |     6 ||    34
       Tailslap          |     6 |     1 |     1 ||     8
       Club              |    19 |    11 |       ||    30
       Quarterstaff      |       |    12 |     2 ||    14
 Cast: Sandblast         |    62 |    25 |       ||    87
       Stone Arrow       |       |    20 |    17 ||    37
 Abil: Rolling Charge    |     2 |       |       ||     2
  Use: Scroll            |     1 |     8 |     3 ||    12
       Potion            |     2 |       |     2 ||     4
Armor: Robe              |    26 |    16 |     7 ||    49
Dodge: Dodged            |    30 |    31 |     8 ||    69

Table legend: (Time is in decaauts)
 A = Elapsed time spent in this place.
 B = Non-inter-level travel time spent in this place.
 C = Inter-level travel time spent in this place.
 D = Time resting spent in this place.
 E = Time spent auto-exploring this place.
 F = Levels seen in this place.
 G = Mean time per level.
                   A        B        C        D        E       F      G
               +--------+--------+--------+--------+--------+-----+--------+
         Total |   6480 |   6262 |    218 |   1536 |   4043 |   7 |  925.7 |
       Dungeon |   6291 |   6095 |    196 |   1536 |   3884 |   6 | 1048.5 |
        Temple |    189 |    168 |     21 |      0 |    159 |   1 |  189.0 |
               +--------+--------+--------+--------+--------+-----+--------+

Top non-repeatable levels by time:
     D:5: 1669 daAuts
     D:2: 1421 daAuts
     D:1: 1298 daAuts
     D:3: 972 daAuts
     D:4: 481 daAuts
     D:6: 447 daAuts
  Temple: 189 daAuts
